 Dungeon Crawl Stone Soup version 0.26.1-11-gd32895ea62 (webtiles) character file.

Game seed: 1558339372948818735

184 Arcadio the Changer (level 5, 0/55 HPs)
             Began as a Merfolk Transmuter on May 19, 2021.
             Slain by an orc
             ... wielding a +2 short sword of draining
              (2 damage)
             ... on level 4 of the Dungeon.
             The game lasted 00:10:35 (3960 turns).

Arcadio the Changer (Merfolk Transmuter)            Turns: 3960, Time: 00:10:36

Health: 0/55       AC:  2    Str: 11    XL:     5   Next: 63%
Magic:  8/8        EV: 14    Int: 13    God:
Gold:   134        SH:  0    Dex: 14    Spells: 5/8 levels left

rFire    . . .     SeeInvis .     - Unarmed
rCold    . . .     Faith    .   (no shield)
rNeg     . . .     Spirit   .   a - +0 robe
rPois    .         Reflect  .   (no helmet)
rElec    .         Harm     .   (no cloak)
rCorr    .         Rampage  .   (no gloves)
Will     .....                  (no boots)
Stlth    ..........             (no amulet)
HPRegen  0.18/turn              (no ring)
MPRegen  0.11/turn              (no ring)

@: berserking, hasted, very quick
A: change form in water, swift swim, stealthy swim
a: no special abilities


You were on level 4 of the Dungeon.
You visited 1 branch of the dungeon, and saw 4 of its levels.

You collected 134 gold pieces.

Inventory:

Hand Weapons
 f - a +3 dagger
Armour
 a - a +0 robe (worn)
 k - a +0 pair of gloves
 l - a +0 pair of boots
 q - a cursed -1 robe
Jewellery
 j - an uncursed amulet of regeneration {unknown}
 r - an uncursed ring of positive energy {unknown}
 s - an uncursed ring of flight {unknown}
Scrolls
 m - a scroll of amnesia
 n - a scroll of remove curse
Potions
 p - a potion of attraction {unknown}


   Skills:
 - Level 1.1 Fighting
 + Level 4.8 Dodging
 + Level 4.7 Unarmed Combat
 - Level 2.0 Spellcasting
 + Level 4.8 Transmutations


You had 5 spell levels left.
You knew the following spells:

 Your Spells              Type           Power        Failure   Level
a - Beastly Appendage     Tmut           26%          3%          1
b - Wereblood             Tmut           13%          5%          2

Your spell library contained the following spells:

 Spells                   Type           Power        Failure   Level
 Spider Form              Tmut/Pois      3%           28%         3
 Ice Form                 Ice/Tmut       7%           67%         4
 Blade Hands              Tmut           6%           69%         5


Dungeon Overview and Level Annotations

Branches:
Dungeon (4/15)
 Temple: D:4-7

Altars:
Dithmenos
Fedhas
Hepliaklqana
Nemelex Xobeh
Ru
Zin
The Shining One


Message History

Your magical effects are unravelling.
You feel magically purged.
You float gracefully downwards.
The orc misses you.
It was a potion of haste.
You feel yourself speed up. The adder bites you.
* * * LOW HITPOINT WARNING * * *
The orc barely misses you.
It was a potion of berserk rage.
A red film seems to cover your vision as you go berserk!
You feel yourself moving faster!
You feel mighty! The adder barely misses you.
The orc wizard casts a spell.
The orc wizard seems to speed up.
The orc misses you.
A gnoll comes into view. It is wielding a +0 flail.
You are too berserk!
The gnoll shouts!
You punch the orc!
You kill the orc!
The adder misses you.
You punch the adder! You punch the adder.
You kill the adder!
The orc hits you with a +2 short sword of draining.
You die...

,,**,*,,** #.....w#######
######
*,,,,,,****#......#
***,,,,,,,*#......###
**,****,*#|.......#######
*,*
*.##......#.w..oS.#######
*,*
*......w#########5.......
*,****###.......#
#########
*,,,,,g.....o)†.#
*******##...o@..#
#########


You could see a worm, an orc wizard (fast), a gnoll and an orc.

Vanquished Creatures
  A worker ant (D:3)
  8 adders
  2 oozes
  3 worms
  2 dart slugs
  3 leopard geckos
  An orc (D:4)
  2 giant cockroaches (D:2)
  6 goblins
  7 hobgoblins
  2 jackals (D:2)
  12 kobolds
  5 quokkas
  9 bats
  3 frilled lizards
  9 rats
75 creatures vanquished.

Notes
Turn   | Place    | Note
-------+----------+-------------------------------------------
     0 | D:1      | Arcadio the Merfolk Transmuter began the quest for the Orb.
     0 | D:1      | Reached XP level 1. HP: 15/15 MP: 3/3
   264 | D:1      | Reached XP level 2. HP: 21/21 MP: 3/5
   307 | D:1      | Learned a level 2 spell: Wereblood
   906 | D:2      | Reached XP level 3. HP: 26/26 MP: 4/6
  1500 | D:2      | Found a sacrificial altar of Ru.
  1632 | D:2      | Reached XP level 4. HP: 31/32 MP: 7/7
  1818 | D:2      | Found a sacrificial altar of Ru.
  1818 | D:2      | Found a sparkling altar of Nemelex Xobeh.
  2051 | D:3      | Found a shadowy altar of Dithmenos.
  2384 | D:3      | Found a blossoming altar of Fedhas.
  2784 | D:3      | Found a glowing silver altar of Zin.
  2786 | D:3      | Found a glowing golden altar of the Shining One.
  2790 | D:3      | Found a hazy altar of Hepliaklqana.
  3056 | D:3      | Reached XP level 5. HP: 37/37 MP: 4/8
  3957 | D:4      | HP: 1/37 [adder (3)]
  3960 | D:4      | Slain by an orc

Illustrated notes

Levels and vault maps discovered:
D:1:      tarquinn_simple_flora_water_a, layout_basic
D:2:      layout_rooms, gammafunk_temple_overflow_elements,
          hangedman_abyss_or_decor_lesser_grid, minmay_misc_feat_x,
          hangedman_ru_absence
D:3:      minmay_chambers_of_threes, layout_rooms, marbit_many_paths,
          chequers_temple_overflow_statue_of_worship, fedhas_altar_1
D:4:      layout_rooms, portal_sewer_entry_e, fountainhead,
          hangedman_decor_riveting, minmay_goblin_outpost, uniq_robin

Skill      XL: |  1  2  3  4 |
---------------+-------------+-----
Transmutations | 3 4 |  4.8
Dodging        | 3 4 |  4.8
Unarmed Combat | 4 |  4.7
Fighting       | |  1.1
Spellcasting   | |  2.0

Action                   |  1- 3 |  4- 6 || total
-------------------------+-------+-------++-------
Melee: Unarmed           |   108 |   182 ||   290
       Headbutt          |     6 |    15 ||    21
       Punch             |     2 |     3 ||     5
       Dagger            |     1 |       ||     1
 Cast: Beastly Appendage |    20 |    14 ||    34
       Wereblood         |     1 |     4 ||     5
  Use: Scroll            |     3 |     8 ||    11
       Potion            |       |     7 ||     7
Armor: Robe              |    24 |    22 ||    46
Dodge: Dodged            |    88 |   208 ||   296
